 Dungeon Crawl Stone Soup version 0.30-a0-4-ga7cffc901d (webtiles) character file.

Game seed: 1775399129071771482

795 SensoryNuts the Covered (level 7, -1/44 HPs)
             Began as a Gargoyle Fighter on Aug 21, 2022.
             Was an Initiate of Gozag.
             Slain by a killer bee (6 damage)
             ... on level 5 of the Dungeon.
             The game lasted 00:06:46 (4533 turns).

SensoryNuts the Covered (Gargoyle Fighter)          Turns: 4533, Time: 00:06:48

Health: -1/44      AC: 18    Str: 23 (26) XL:     7   Next: 89%
Magic:  7/7        EV:  6    Int:  3 (7)  God:    Gozag
Gold:   235        SH:  4    Dex:  4 (8)  Spells: 6/6 levels left

rFire   . . .      SeeInvis .    i - +1 whip "Emiavvutz" {drain, rPois rN+ Will+}
rCold   . . .      Faith    .    c - +0 buckler
rNeg    + + .      Spirit   .    n - +0 plate armour
rPois   ∞          Reflect  .    (no helmet)
rElec   +          Harm     .    (no cloak)
rCorr   .          Rampage  .    (no gloves)
Will    +....                    d - +0 pair of boots
Stlth   ..........               (no amulet)
HPRegen 0.14/turn                (no ring)
MPRegen 0.10/turn                (no ring)

@: flying, unable to read, very slow
A: sickness immunity, AC +4, negative energy resistance 1, electricity
resistance, torment resistance 1, petrification resistance, deterioration 1,
strong 1, inability to read after injury 1
a: Renounce Religion, Potion Petition, Call Merchant, Bribe Branch


You were on level 5 of the Dungeon.
You worshipped Gozag.
Gozag was aware of your devotion.
You visited 2 branches of the dungeon, and saw 6 of its levels.

You collected 276 gold pieces.
You paid 41 gold pieces to Gozag.

Inventory:

Hand Weapons
 a - a +0 flail
 g - a +0 demon blade of pain
 i - the +1 whip "Emiavvutz" (weapon) {drain, rPois rN+ Will+}
   (You found it on level 4 of the Dungeon)

   A truly terrible weapon, it drains the life of any living foe it strikes.
   rPois:     It protects you from poison.
   rN:        It protects you from negative energy.
   Will:      It increases your willpower.
Armour
 b - a +0 scale mail
 c - a +0 buckler (worn)
 d - a +0 pair of boots (worn)
 n - a +0 plate armour (worn)
Jewellery
 m - an amulet of faith
Scrolls
 e - a scroll of immolation
 f - a scroll of noise
 j - a scroll of silence
 l - 2 scrolls of teleportation {unknown}
 o - 2 scrolls of fog
 p - a scroll of poison
 q - a scroll of fear
 t - a scroll of magic mapping {unknown}
Potions
 h - 2 potions of degeneration
 s - a potion of resistance


   Skills:
 + Level 4.7 Fighting
 + Level 5.5 Maces & Flails
 + Level 5.7 Armour
 + Level 1.6 Dodging
 + Level 1.4 Stealth
 + Level 4.4 Shields


You had 6 spell levels left.
You didn't know any spells.
Your spell library contained the following spells:

 Spells                   Type           Power      Damage    Failure   Level
 Foxfire                  Conj/Fire      0%         2x1d4     100%        1
 Sting                    Tmut/Pois      0%         1d3       100%        1
 Poisonous Vapours        Pois/Air       0%         N/A       100%        2
 Conjure Flame            Conj/Fire      0%         6-21      100%        3
 Inner Flame              Hex/Fire       0%         N/A       100%        3
 Flame Wave               Conj/Fire      0%         2d4       100%        4
 Olgreb's Toxic Radiance  Pois           0%         N/A       100%        4


Dungeon Overview and Level Annotations

Branches:
Dungeon (5/15)             Temple (1/1) D:4

Altars:
Ashenzari
Cheibriados
Fedhas
Gozag
Hepliaklqana
Kikubaaqudgha
Makhleb
Nemelex Xobeh
Okawaru
Sif Muna
Uskayaw
Vehumet
Wu Jian
Yredelemnul
The Shining One

Annotations:
Temple 4 transporters


Innate Abilities, Weirdness & Mutations

You are immune to sickness and miasma.
Your stone body is resilient. (AC +4)
You are immune to poison.
You resist negative energy. (rN+)
You are resistant to electric shocks. (rElec)
You are resistant to unholy torment.
You are immune to petrification.
Your body sometimes deteriorates upon taking damage.
Your muscles are strong. (Str +4, Int/Dex -1)
You occasionally lose the ability to read scrolls when taking damage.


Message History

You are too injured to fight recklessly!
You are too injured to fight recklessly!
You are too injured to fight recklessly!
You are too injured to fight recklessly!
You are too injured to fight recklessly!
You are too injured to fight recklessly!
You are too injured to fight recklessly!
You are too injured to fight recklessly!
You are too injured to fight recklessly!
You are too injured to fight recklessly!
You are too injured to fight recklessly!
You are too injured to fight recklessly!
You are too injured to fight recklessly!
You are too injured to fight recklessly!
You are too injured to fight recklessly!
You are too injured to fight recklessly!
Unknown command.
It was a potion of flight.
You feel very buoyant.
You fly up into the air.
The killer bee stings you.
* * * LOW HITPOINT WARNING * * *
The killer bee stings you but does no damage. x3
You block the killer bee's attack. The killer bee closely misses you.
Unknown command.
You cannot read scrolls in your current state!
You cannot read scrolls in your current state!
The killer bee attacks as you move away!
The killer bee stings you.
* * * LOW HITPOINT WARNING * * *
You can read scrolls again.
The killer bee stings you but does no damage.
The killer bee stings you.
You feel threatened and lose the ability to read scrolls!
* * * LOW HITPOINT WARNING * * *
The killer bee stings you but does no damage.
The killer bee barely misses you. x2
The killer bee stings you but does no damage.
The killer bee stings you.
You die...
Your body crumbles into a pile of gold.

#.# ####### #.#
......###### #.#
#..##.#....# #.#
#..#..#....# #.#
#..#..#....# #.#
#..#.##....######
##.#####..#.##.(.......##
.................y.......
##.#####..#.....@y.......
#.# #..#<.####y....###
#.# #..##.# #.....#(. #.#
....#.# #.....#(. #.#
######)# #.###.### #..
..# #.. ... ### ### ###
._ .


You could see 3 killer bees and 2 dancing weapons.

Vanquished Creatures
  Grinder (D:3)
  2 ogres
  A necrophage (D:4)
  A howler monkey (D:5)
  A jelly (D:5)
  Crazy Yiuf (D:2)
  2 iguanas (D:4)
  3 gnolls (D:5)
  11 adders
  2 worms (D:2)
  4 dart slugs
  3 orcs
  6 bats
  6 endoplasms
  7 giant cockroaches
  7 goblins
  10 hobgoblins
  6 quokkas
  6 ball pythons
  4 frilled lizards
  8 kobolds
  12 rats
104 creatures vanquished.

Notes
Turn   | Place    | Note
-------+----------+-------------------------------------------
     0 | D:1      | SensoryNuts the Gargoyle Fighter began the quest for the
                  | Orb.
     0 | D:1      | Reached XP level 1. HP: 14/14 MP: 1/1
   257 | D:1      | Reached XP level 2. HP: 18/19 MP: 2/2
   566 | D:1      | Reached XP level 3. HP: 23/23 MP: 3/3
   598 | D:1      | Found a faded altar of an unknown god.
  1091 | D:1      | Prayed at the altar of an unknown god.
  1091 | D:1      | Became a worshipper of Cheibriados the Contemplative
  1091 | D:1      | Reached * piety under Cheibriados
  1442 | D:2      | Reached XP level 4. HP: 28/28 MP: 4/4
  1500 | D:2      | Found a broken altar of Ashenzari.
  1591 | D:2      | Reached ** piety under Cheibriados
  1875 | D:2      | Found a runed translucent door.
  1876 | D:2      | Noticed Crazy Yiuf
  1928 | D:2      | Killed Crazy Yiuf
  1929 | D:2      | Reached XP level 5. HP: 33/33 MP: 5/5
  2164 | D:3      | Noticed an ogre
  2170 | D:3      | Killed an ogre
  2171 | D:3      | Reached skill level 1 in Dodging
  2177 | D:3      | Reached XP level 6. HP: 35/38 MP: 6/6
  2225 | D:3      | Noticed Grinder
  2241 | D:3      | Paralysed by Grinder for 4 turns
  2253 | D:3      | Paralysed by Grinder for 4 turns
  2270 | D:3      | Paralysed by Grinder for 4 turns
  2284 | D:3      | Killed Grinder
  2285 | D:3      | Reached skill level 5 in Armour
  2285 | D:3      | Reached XP level 7. HP: 15/44 MP: 7/7
  2499 | D:3      | Reached *** piety under Cheibriados
  2585 | D:3      | Found a glowing golden altar of the Shining One.
  2715 | D:3      | Found a burning altar of Makhleb.
  3130 | D:3      | Gained mutation: Your muscles are strong. (Str +4, Int/Dex
                  | -1) [potion of mutation]
  3130 | D:3      | Gained mutation: You have hidden genetic defects. [potion
                  | of mutation]
  3177 | D:4      | Found a hazy altar of Hepliaklqana.
  3306 | D:4      | Found a staircase to the Ecumenical Temple.
  3316 | Temple   | Entered the Ecumenical Temple
  3316 | Temple   | Found a transporter.
  3316 | Temple   | Found a transporter.
  3318 | Temple   | Found a transporter.
  3318 | Temple   | Found a transporter.
  3334 | Temple   | Fell from the grace of Cheibriados
  3334 | Temple   | Became a worshipper of Gozag Ym Sagoz the Greedy
  3437 | D:4      | Identified the +1 whip "Emiavvutz" {drain, rPois rN+ Will+}
  3463 | D:4      | Reached skill level 5 in Maces & Flails
  3467 | D:4      | Gained mutation: You occasionally lose the ability to read
                  | scrolls when taking damage. [hidden defects]
  3469 | D:4      | Reached skill level 1 in Stealth
  3555 | D:4      | Found an ancient bone altar of Kikubaaqudgha.
  3714 | D:4      | Gained mutation: Your body sometimes deteriorates upon
                  | taking damage. [hidden defects]
  3714 | D:4      | Lost mutation: You have hidden genetic defects. [hidden
                  | defects expressed]
  4267 | D:5      | Entered Level 5 of the Dungeon
  4525 | D:5      | Noticed a +0 hand axe
  4525 | D:5      | Noticed a +0 hand axe
  4526 | D:5      | Found a hide-covered altar of Uskayaw.
  4533 | D:5      | Slain by a killer bee

Illustrated notes

Levels and vault maps discovered:
D:1:      dpeg_arrival_water_temple_mockup, layout_basic,
          chequers_ecumenical_altar_lobes
D:2:      layout_rooms, basic_altar, uniq_crazy_yiuf_cottage
D:3:      layout_loops_cross, lightli_temple_of_fire,
          mainiacjoe_overflow_surrounded_room, st_stairs_8, uniq_grinder
D:4:      layout_loops_cross, mainiacjoe_overflow_small_starburst,
          mainiacjoe_overflow_concentric_impassable, temple_statues,
          kennysheep_generic_room_6
D:5:      layout_basic, dancing_weapons_uskayaw, chequers_hall_statues_corner_a
Temple:   hellmonk_temple_divided_pantheon

Skill      XL: |  1  2  3  4  5  6  7 |
---------------+----------------------+-----
Maces & Flails | 3 4 5 |  5.5
Armour         | 4 5 |  5.7
Fighting       | 4 |  4.7
Dodging        | 1 |  1.6
Shields        | 4 |  4.4
Stealth        | 1 |  1.4

Action                   |  1- 3 |  4- 6 |  7- 9 || total
-------------------------+-------+-------+-------++-------
Melee: Flail             |   138 |    96 |    52 ||   286
       Whip              |       |       |    70 ||    70
  Use: Potion            |       |     3 |     9 ||    12
       Scroll            |       |       |     6 ||     6
Armor: Scale mail        |    95 |    51 |    40 ||   186
       Plate armour      |       |       |    31 ||    31
Dodge: Dodged            |    73 |    39 |    64 ||   176
Block: Buckler           |    32 |    35 |    22 ||    89

Table legend: (Time is in decaauts)
 A = Elapsed time spent in this place.
 B = Non-inter-level travel time spent in this place.
 C = Inter-level travel time spent in this place.
 D = Time resting spent in this place.
 E = Time spent auto-exploring this place.
 F = Levels seen in this place.
 G = Mean time per level.
                   A        B        C        D        E       F      G
               +--------+--------+--------+--------+--------+-----+--------+
         Total |   5808 |   5274 |    534 |      0 |   4176 |   6 |  968.0 |
       Dungeon |   5738 |   5204 |    534 |      0 |   4166 |   5 | 1147.6 |
        Temple |     70 |     70 |      0 |      0 |      9 |   1 |   70.0 |
               +--------+--------+--------+--------+--------+-----+--------+

Top non-repeatable levels by time:
     D:3: 1594 daAuts
     D:4: 1541 daAuts
     D:2: 1161 daAuts
     D:1: 1149 daAuts
     D:5: 291 daAuts
  Temple: 70 daAuts
